 Dungeon Crawl Stone Soup version 0.31-a0-319-g4fced400ed (webtiles) character file.

Game seed: 2094082993420337718

8333 Crownlay the Fighter (level 11, -11/94 HPs)
             Began as a Djinni Fire Elementalist on July 16, 2023.
             Was an Initiate of Gozag.
             Mangled by a sixfirhy (12 damage)
             ... summoned by a kobold demonologist
             ... on level 10 of the Dungeon on July 17, 2023.
             The game lasted 00:24:24 (7262 turns).

Crownlay the Fighter (Djinni Fire Elementalist)     Turns: 7262, Time: 00:24:25

Health: -11/94     AC:  3    Str: 10      XL:     11   Next: 53%
Gold:   2031       EV: 12    Int: 22      God:    Gozag SH:  0 Dex: 17 (19)

rFire   + + +        C - +2 orcbow of Iconoclasm {flame, Fly rC+}
rCold   . . .        (shield currently unavailable)
rNeg    . . .        F - +0 robe {rF+}
rPois   ∞            u - +0 hat of Divine Compulsion {Regen+ Str+3}
rElec   .            (no cloak)
rCorr   .            c - +0 pair of gloves
SInv    .            (boots unavailable)
Will    +....        n - amulet of regeneration
Stlth   ++           l - +6 ring of dexterity
HPRegen 1.95/turn    (no ring)
MPRegen 0.00/turn

%: infuse magic (-12 HP)
@: gold aura, flying
A: sickness immunity, fire resistance 2, cold vulnerability 1, float, innate
caster, HP casting, extra vitality 1
a: Renounce Religion, Potion Petition, Call Merchant, Bribe Branch


You were on level 10 of the Dungeon.
You worshipped Gozag.
Gozag was most pleased with you.
You visited 2 branches of the dungeon, and saw 11 of its levels.
You also visited: Bailey.

You collected 2119 gold pieces.
You paid 88 gold pieces to Gozag.

Inventory:

Hand Weapons
 C - the +2 orcbow of Iconoclasm (weapon) {flame, Fly rC+}
   (You took it off a spriggan in a bailey)

   rC:        It protects you from cold.
   Fly:       It grants you flight.
Armour
 c - a +0 pair of gloves (worn)
 u - the +0 hat of Divine Compulsion (worn) {Regen+ Str+3}
   (You acquired it on level 7 of the Dungeon)

   Str:       It affects your strength (+3).
   Regen:     It increases your rate of health regeneration.
 F - a +0 robe of fire resistance (worn)
Jewellery
 l - a +6 ring of dexterity (left hand)
 n - an amulet of regeneration (around neck)
 H - a ring of fire
Wands
 a - a wand of flame (4)
 f - a wand of digging (11)
 j - a wand of mindburst (19)
 m - a wand of quicksilver (26)
Scrolls
 b - a scroll of acquirement
 d - a scroll of torment {unknown}
 e - 2 scrolls of immolation {unknown}
 g - 3 scrolls of poison {unknown}
 k - 4 scrolls of teleportation
 p - 2 scrolls of enchant armour
 v - 3 scrolls of revelation {unknown}
 w - 2 scrolls of enchant weapon {unknown}
 x - a scroll of vulnerability {unknown}
 y - a scroll of fog {unknown}
 B - 2 scrolls of noise {unknown}
 G - a scroll of fear {unknown}
 I - a scroll of butterflies {unknown}
Potions
 h - 3 potions of heal wounds
 o - 2 potions of haste {unknown}
 q - a potion of might {unknown}
 r - a potion of enlightenment {unknown}
 s - 3 potions of mutation
 t - 4 potions of attraction
 z - a potion of ambrosia {unknown}
 A - 4 potions of resistance {unknown}
 D - 2 potions of invisibility {unknown}
 E - a potion of brilliance {unknown}


   Skills:
 * Level 14.5 Fighting
 - Level 2.1 Dodging
 - Level 1.5 Stealth
 + Level 7.3 Spellcasting
 + Level 7.3 Conjurations
 + Level 7.3 Hexes
 + Level 7.3 Summonings
 + Level 7.3 Necromancy
 + Level 7.3 Translocations
 + Level 7.3 Transmutations
 + Level 7.3 Fire Magic
 + Level 7.3 Ice Magic
 + Level 7.3 Air Magic
 + Level 7.3 Earth Magic
 + Level 7.3 Poison Magic


You knew the following spells:

 Your Spells              Type           Power      Damage    Failure   Level
a - Foxfire               Conj/Fire      100%       2x1d9     1%          1
b - Scorch                Fire           80%        2d8       1%          2
c - Volatile Blastmotes   Fire/Tloc      80%        2d16      1%          3
d - Inner Flame           Hex/Fire       40%        N/A       1%          3
e - Flame Wave            Conj/Fire      40%        2d11      3%          4
f - Necrotise             Necr           100%       1d9       1%          1
g - Lesser Beckoning      Tloc           80%        N/A       1%          2
h - Teleport Other        Tloc           40%        N/A       1%          3
i - Tukima's Dance        Hex            40%        N/A       1%          3
j - Summon Lightning Spi  Summ/Air       40%        N/A       3%          4
Your spell library was empty.

Dungeon Overview and Level Annotations

Branches:
Dungeon (10/15)            Temple (1/1) D:5          Bailey (visited)
   Lair: D:8-11         Orc: D:9-12

Altars:
Ashenzari
Cheibriados
Dithmenos
Elyvilon
Fedhas
Gozag
Hepliaklqana
Makhleb
Nemelex Xobeh
Okawaru
Qazlal
Ru
Uskayaw
Wu Jian
Xom
Yredelemnul
Zin
The Shining One


Innate Abilities, Weirdness & Mutations

You are immune to sickness and miasma.
You are immune to poison.
Your flesh is very heat resistant. (rF++)
You are vulnerable to cold. (rC-)
You float through the air rather than walking.
You learn spells naturally, not from books.
Your magical power is your life essence.
You have superior vitality. (+4 MHP)


Message History

You conjure some foxfire!
You conjure some foxfire!
The foxfire hits the kobold.
The kobold is severely wounded.
The kobold demonologist mumbles some strange words.
The foxfire hits the sixfirhy.
The sixfirhy is lightly wounded.
You conjure some foxfire!
The foxfire hits the sixfirhy!
The sixfirhy is lightly wounded.
The kobold demonologist gestures wildly while chanting.
You conjure some foxfire!
The foxfire hits the sixfirhy.
The sixfirhy is moderately wounded.
The foxfire hits the sixfirhy but does no damage.
The sixfirhy is moderately wounded.
The sixfirhy hits you! The sixfirhy shocks you! The sixfirhy hits you!
* * * LOW HITPOINT WARNING * * *
The sixfirhy shocks you!
* * * LOW HITPOINT WARNING * * *
The foxfire hits the kobold!
You kill the kobold!
You are too injured to fight recklessly!
Your foxfire dissipates!
The foxfire hits the sixfirhy.
The sixfirhy is moderately wounded.
The kobold demonologist gestures wildly while chanting.
The ynoxinul gestures.
The sixfirhy is distracted by your dazzling golden aura.
The sixfirhy is no longer distracted by gold.
The sixfirhy hits you.
* * * LOW HITPOINT WARNING * * *
The sixfirhy shocks you!
* * * LOW HITPOINT WARNING * * *
The sixfirhy hits you.
* * * LOW HITPOINT WARNING * * *
The sixfirhy shocks you!
* * * LOW HITPOINT WARNING * * *
The sixfirhy hits you.
* * * LOW HITPOINT WARNING * * *
The sixfirhy shocks you!
You die...
Your body crumbles into a pile of gold.

##....... ......... ..# .....
......... #..# #..... .........
#..## ##...# .......... #..##
###....# . ...........#
#...####......# #. ............#
#...#........###..
............####.............#...
................@3..5.5..........
......................5.........#
...................###..K......##
.............#...### ####.....##
................## ##...$.##
............#..## ##.3....#
...........#...# ##...##5..
.........##...## ##...####..
.............## ##...## ##.


You could see a sixfirhy (summoned) and 3 ufetubi.

Vanquished Creatures
  2 two-headed ogres
  Pikel (D:6)
  A kobold demonologist (D:10)
  Grinder (D:6)
  A hornet (D:10)
  6 spriggans (Bailey)
  3 yaks (D:10)
  4 wyverns
  4 steam dragons
  A water moccasin (D:7)
  An orc warrior (D:9)
  2 black bears (D:6)
  5 ogres
  A centaur (D:8)
  3 lemures (D:6)
  A phantom (D:7)
  Blork the orc (D:6)
  6 kobold brigands
  6 bullfrogs
  2 scorpions (D:6)
  3 wights (D:8)
  6 killer bees (D:9)
  5 howler monkeys
  2 jellies
  6 orc priests
  5 hounds
  Ijyb (D:4)
  4 iguanas
  9 orc wizards
  Robin (D:4)
  3 gnolls (D:8)
  8 adders
  2 shadow imps
  A white imp (D:5)
  4 worms
  3 dart slugs
  42 orcs
  12 ball pythons
  9 bats
  7 endoplasms
  6 giant cockroaches
  17 goblins
  9 hobgoblins
  9 jackals
  22 kobolds
  6 quokkas
  3 frilled lizards
  5 rats
262 creatures vanquished.

Vanquished Creatures (others)
  1101 foxfires
1101 creatures vanquished.

Grand Total: 1363 creatures vanquished

Notes
Turn   | Place    | Note
-------+----------+-------------------------------------------
     0 | D:1      | Crownlay the Djinni Fire Elementalist began the quest for
                  | the Orb.
     0 | D:1      | Crownlay set off with the following spells memorised:
                  | Foxfire, Scorch, Volatile Blastmotes, Inner Flame, Flame
                  | Wave.
     0 | D:1      | Reached XP level 1. HP: 15/15 MP: 0/0
   133 | D:1      | Reached skill level 1 in Fighting
   133 | D:1      | Reached XP level 2. HP: 20/22 MP: 0/0
   417 | D:1      | Reached XP level 3. HP: 19/28 MP: 0/0
   417 | D:1      | Learned a level 1 spell: Necrotise
   424 | D:1      | Reached skill level 2 in Fighting
   542 | D:1      | Found a faded altar of an unknown god.
   778 | D:1      | Identified 3 scrolls of acquirement
   778 | D:1      | Acquired 644 gold pieces
   814 | D:2      | Reached XP level 4. HP: 27/34 MP: 0/0
  1239 | D:2      | Reached skill level 3 in Fighting
  1520 | D:3      | Reached XP level 5. HP: 40/40 MP: 0/0
  1520 | D:3      | Learned a level 2 spell: Lesser Beckoning
  2053 | D:4      | Reached skill level 4 in Fighting
  2395 | D:4      | Noticed Ijyb
  2397 | D:4      | Noticed Robin
  2430 | D:4      | Killed Ijyb
  2431 | D:4      | Reached XP level 6. HP: 29/48 MP: 0/0
  2485 | D:4      | Killed Robin
  2702 | D:4      | Reached skill level 5 in Fighting
  2879 | D:5      | Entered Level 5 of the Dungeon
  2879 | D:5      | Noticed an ogre
  2884 | D:5      | Killed an ogre
  2889 | D:5      | Reached XP level 7. HP: 51/54 MP: 0/0
  2889 | D:5      | Learned a level 3 spell: Teleport Other
  2968 | D:5      | Reached skill level 6 in Fighting
  3198 | D:5      | Found a staircase to the Ecumenical Temple.
  3204 | Temple   | Entered the Ecumenical Temple
  3253 | Temple   | Became a worshipper of Gozag Ym Sagoz the Greedy
  3941 | D:6      | Reached XP level 8. HP: 62/62 MP: 0/0
  3969 | D:6      | Reached skill level 7 in Fighting
  4056 | D:6      | Reached skill level 8 in Fighting
  4161 | D:6      | Noticed Pikel
  4174 | D:6      | Killed Pikel
  4175 | D:6      | Reached skill level 9 in Fighting
  4175 | D:6      | Reached skill level 5 in Spellcasting
  4175 | D:6      | Reached skill level 5 in Conjurations
  4175 | D:6      | Reached skill level 5 in Hexes
  4175 | D:6      | Reached skill level 5 in Summonings
  4175 | D:6      | Reached skill level 5 in Necromancy
  4175 | D:6      | Reached skill level 5 in Translocations
  4175 | D:6      | Reached skill level 5 in Transmutations
  4175 | D:6      | Reached skill level 5 in Fire Magic
  4175 | D:6      | Reached skill level 5 in Ice Magic
  4175 | D:6      | Reached skill level 5 in Air Magic
  4175 | D:6      | Reached skill level 5 in Earth Magic
  4175 | D:6      | Reached skill level 5 in Poison Magic
  4175 | D:6      | Reached XP level 9. HP: 54/73 MP: 0/0
  4175 | D:6      | Learned a level 3 spell: Tukima's Dance
  4175 | D:6      | Upgraded the game from 0.31-a0-300-g4ac5daa9c1 to
                  | 0.31-a0-319-g4fced400ed
  4356 | D:6      | Noticed Grinder
  4363 | D:6      | Killed Grinder
  4487 | D:6      | Noticed Blork the orc
  4497 | D:6      | Killed Blork the orc
  4498 | D:6      | Reached skill level 10 in Fighting
  4694 | D:7      | Found a flagged portal.
  4730 | Bailey   | Entered a bailey
  4765 | Bailey   | Reached skill level 11 in Fighting
  4769 | Bailey   | Reached XP level 10. HP: 82/82 MP: 0/0
  4852 | Bailey   | Identified the +2 orcbow of Iconoclasm {flame, Fly rC+}
  4857 | Bailey   | Reached skill level 12 in Fighting
  4887 | Bailey   | Noticed a two-headed ogre
  4891 | Bailey   | Killed a two-headed ogre
  5058 | D:7      | Acquired the +0 hat of Divine Compulsion {Regen+ Str+3}
  5195 | D:7      | Found a snail-covered altar of Cheibriados.
  5592 | D:8      | Reached skill level 13 in Fighting
  5873 | D:8      | Found a white marble altar of Elyvilon.
  5904 | D:8      | Reached XP level 11. HP: 35/92 MP: 0/0
  5904 | D:8      | Learned a level 4 spell: Summon Lightning Spire
  6260 | D:9      | Noticed a two-headed ogre
  6282 | D:9      | Killed a two-headed ogre
  6394 | D:9      | Reached skill level 14 in Fighting
  6995 | D:10     | Entered Level 10 of the Dungeon
  7057 | D:10     | Found a broken altar of Ashenzari.
  7233 | D:10     | HP: 1/94 [kobold demonologist/+0 dagger (5)]
  7253 | D:10     | Noticed a sixfirhy
  7262 | D:10     | HP: 2/94 [sixfirhy[a kobold demonologist] (11)]
  7262 | D:10     | Mangled by a sixfirhy

Illustrated notes

Levels and vault maps discovered:
D:1:      lemuel_arrival_cross, layout_rooms, basic_ecumenical_altar,
          corexii_hall_statues_i
D:2:      layout_basic
D:3:      layout_loops_ring
D:4:      layout_cave_pods, grunt_ministairs_7, nicolae_goblin_pals
D:5:      nicolae_cairo_tiling, layout_basic, minmay_temple_entry_hall
D:6:      minmay_recursive_quarters, layout_rooms, uniq_blork_the_orc,
          uniq_grinder, uniq_pikel
D:7:      layout_rooms, kennysheep_slug_shrine, enter_bailey_5
D:8:      layout_rooms, mainiacjoe_overflow_paths, serial_curves,
          eino_curves_03, eino_curves_04, eino_curves_03
D:9:      layout_loops_ring
D:10:     layout_layer_cave, grunt_temple_overflow_open, lair_entry_dummy,
          david_orc_5
Temple:   compressed_dpeg_circular_temple

Skill      XL: |  1  2  3  4  5  6  7  8  9 10 11 |
---------------+----------------------------------+-----
Spellcasting   | 4 5 6 7 |  7.3
Conjurations   | 4 5 6 7 |  7.3
Hexes          | 4 5 6 7 |  7.3
Summonings     | 4 5 6 7 |  7.3
Necromancy     | 4 5 6 7 |  7.3
Translocations | 4 5 6 7 |  7.3
Transmutations | 4 5 6 7 |  7.3
Fire Magic     | 4 5 6 7 |  7.3
Ice Magic      | 4 5 6 7 |  7.3
Air Magic      | 4 5 6 7 |  7.3
Earth Magic    | 4 5 6 7 |  7.3
Poison Magic   | 4 5 6 7 |  7.3
Fighting       | 1 2 3 4 5 6 9 11 13 14 | 14.5
Dodging        | |  2.1
Stealth        | |  1.5

Action                     |  1- 3 |  4- 6 |  7- 9 | 10-12 || total
---------------------------+-------+-------+-------+-------++-------
  Melee: Unarmed           |     8 |     9 |       |       ||    17
         Flail             |       |     1 |       |       ||     1
         Dagger            |       |     1 |     1 |       ||     2
   Fire: Orcbow            |       |       |       |    71 ||    71
   Cast: Foxfire           |    68 |   196 |   208 |   213 ||   685
         Scorch            |     2 |     7 |     8 |    11 ||    28
         Necrotise         |     1 |       |       |       ||     1
         Flame Wave        |       |     8 |    12 |    23 ||    43
         Volatile Blastmot |       |     1 |     4 |       ||     5
         Inner Flame       |       |       |     2 |     4 ||     6
    Use: Scroll            |     1 |     5 |       |     5 ||    11
         Potion            |       |       |       |     1 ||     1
 Armour: Robe              |     7 |    11 |    13 |    23 ||    54
  Dodge: Dodged            |    17 |    32 |    28 |    79 ||   156

Table legend: (Time is in decaauts)
 A = Elapsed time spent in this place.
 B = Non-inter-level travel time spent in this place.
 C = Inter-level travel time spent in this place.
 D = Time resting spent in this place.
 E = Time spent auto-exploring this place.
 F = Levels seen in this place.
 G = Mean time per level.
                   A        B        C        D        E       F      G
               +--------+--------+--------+--------+--------+-----+--------+
         Total |   7294 |   7020 |    274 |     63 |   5185 |  12 |  607.8 |
       Dungeon |   6898 |   6643 |    255 |      0 |   5074 |  10 |  689.8 |
        Temple |     69 |     50 |     19 |      0 |     12 |   1 |   69.0 |
        Bailey |    326 |    326 |      0 |     63 |     99 |   1 |  326.0 |
               +--------+--------+--------+--------+--------+-----+--------+

Top non-repeatable levels by time:
     D:5: 952 daAuts
     D:4: 858 daAuts
     D:9: 846 daAuts
     D:1: 807 daAuts
     D:6: 720 daAuts
     D:8: 678 daAuts
     D:3: 636 daAuts
     D:2: 575 daAuts
     D:7: 555 daAuts
  Bailey: 326 daAuts
    D:10: 266 daAuts
  Temple: 69 daAuts
